 Dungeon Crawl Stone Soup version 0.31-a0-819-gf6de2f5ab6 (webtiles) character file.

Game seed: 7113690381725363418

32560 qw the Marksgargoyle (level 13, -9/88 HPs)
             Began as a Gargoyle Hunter on Sept 23, 2023.
             Was an Elder of Okawaru.
             Killed from afar by an oklob plant (24 damage)
             ... with a splash of acid
             ... on level 5 of the Lair of Beasts.
             The game lasted 00:05:53 (12655 turns).

qw the Marksgargoyle (Gargoyle Hunter)             Turns: 12655, Time: 00:05:54

Health: -9/88      AC: 14    Str: 19    XL:     13   Next: 65%
Magic:  19/20      EV: 22    Int:  7    God:    Okawaru [****..]
Gold:   593        SH:  0    Dex: 17    Spells: 12/12 levels left

rFire   . . .        n - +3 orcbow (heavy)
rCold   . . .        (shield currently unavailable)
rNeg    + + .        m - +4 ring mail of the Ward {Str+2}
rPois   inf          r - +2 hat {Stlth+}
rElec   +            (no cloak)
rCorr   .            (no gloves)
SInv    .            (no boots)
Will    .....        v - amulet of faith
Stlth   ++++         c - +5 ring of evasion
HPRegen 0.34/turn    s - ring of positive energy
MPRegen 0.17/turn

%: faith
@: heroic, corroded
A: sickness immunity, AC +9, negative energy resistance 1, electricity
resistance, torment resistance 1, petrification resistance, dopey 1, wild magic
1
a: Renounce Religion, Heroism, Finesse


You were on level 5 of the Lair of Beasts.
You worshipped Okawaru.
Okawaru was greatly pleased with you.
You visited 3 branches of the dungeon, and saw 17 of its levels.

You collected 983 gold pieces.
You spent 390 gold pieces at shops.


Innate Abilities, Weirdness & Mutations

You are immune to sickness and miasma.
Your stone body is resilient. (AC +9)
You are immune to poison.
You resist negative energy. (rN+)
You are resistant to electric shocks. (rElec)
You are resistant to unholy torment.
You are immune to petrification.
You are dopey. (Int -2)
Your spells are a little harder to cast, but a little more powerful.


   Skills:
 - Level 13.0(18.0) Fighting
 - Level 16.0(21.0) Ranged Weapons
 + Level 4.4(9.4) Armour
 - Level 6.0(11.0) Dodging
 - Level 1.1(6.1) Stealth
 - Level 10.1 Invocations


You had 12 spell levels left.
You didn't know any spells.
Your spell library was empty.

Inventory:

Hand Weapons
 n - a +3 heavy orcbow (weapon)
Armour
 m - the +4 ring mail of the Ward (worn) {Str+2}
   (You found it on level 3 of the Dungeon)

   Str+2:     It affects your strength (+2).
 r - a +2 hat of stealth (worn)
Jewellery
 c - a +5 ring of evasion (left hand)
 i - a ring of ice
 l - an amulet of reflection
 s - a ring of positive energy (right hand)
 u - the amulet of Elemental Vulnerability {rPois rF-- rC-- AC+8}
   (You found it on level 2 of the Lair of Beasts)

   [amulet of nothing]

   AC+8:      It affects your AC (+8).
   rF--:      It makes you very vulnerable to fire.
   rC--:      It makes you very vulnerable to cold.
   rPois:     It protects you from poison
 v - an amulet of faith (around neck)
Wands
 a - a wand of digging (10)
Scrolls
 e - 2 scrolls of teleportation
 h - a scroll of brand weapon
 o - a scroll of identify
 t - a scroll of enchant armour
Potions
 b - 4 potions of curing
 d - 4 potions of heal wounds
 f - a potion of cancellation
 g - 4 potions of mutation
 j - 2 potions of enlightenment
 k - 4 potions of might
 p - a potion of resistance
 q - a potion of haste
 w - a potion of attraction {unknown}

Dungeon Overview and Level Annotations

Branches:
Dungeon (11/15)            Temple (1/1) D:7            Lair (5/5) D:10
 Shoals (0/4) Lair:3       Spider (0/4) Lair:2        Slime (0/5) Lair:5
    Orc: D:9-12

Altars:
Ashenzari
Cheibriados
Dithmenos
Elyvilon
Fedhas
Gozag
Hepliaklqana
Kikubaaqudgha
Makhleb
Nemelex Xobeh
Okawaru
Qazlal
Ru
Sif Muna
Trog
Uskayaw
Vehumet
Wu Jian
Xom
Yredelemnul
Zin
The Shining One
Jiyva

Shops:
D:2 [   D:9 !   D:11 (

Annotations:
D:5 2 runed translucent doors, qw's ghost, amateur GrHu
D:7 Joseph
Lair:5 exclusion: 3 oklob plants


Message History

HP restored.
Found a stone staircase leading up.
Enter note:
Enter note: 3 oklob plants come into view.
Found a viscous altar of Jiyva.
Found a staircase to the Slime Pits.
Enter note:
12650 ||| INVOKING Heroism.
You gain the combat prowess of a mighty hero.
You can no longer enter into single combat with a foe.
Okawaru will no longer gift you throwing weapons.
You shoot an arrow. The arrow hits the oklob plant!!
The oklob plant is heavily damaged.
The oklob plant spits acid at you. The splash of acid hits you!!
The acid corrodes you!
You shoot an arrow. The arrow hits the oklob plant!!
The oklob plant is almost destroyed.
The oklob plant spits acid at you. The splash of acid hits you!
You shoot an arrow. The arrow hits the oklob plant!!
You destroy the oklob plant!
Okawaru accepts your kill.
You shoot an arrow. The arrow hits the oklob plant!!
The oklob plant is heavily damaged.
The oklob plant spits acid at you. The splash of acid hits you!
The acid corrodes you! The oklob plant spits acid at you.
The splash of acid hits you!
Enter note:
Enter note:
Enter note:
Enter note:
12655 ||| READING scroll labelled OSOCWA HIP FIC.
As you read the scroll labelled OSOCWA HIP FIC, it dissolves into smoke.
It was a scroll of fog.
The oklob plant spits acid at you. The splash of acid hits you!
The oklob plant spits acid at you. The splash of acid hits you!!
You die...

...~~~~#####
........~~~~~.~~~~..##..
.....P.P~~~~~~~~~~.....#
.........~~~~~~~~.......
#......#.~~~~~~~~~......
.<.........~~..~........
..PP..¤¤.¤..............
......¤¤¤..#......:....#
......¤@¤..P...........#
.#...¤¤##¤(.......#....#
...#..¤ #......)........
. ..... #...............
#...... #...............
...P....................
....>...................
...PP.........#.........
......#....#........


You could see 2 oklob plants.

Vanquished Creatures
  Gastronok (D:8)
  Josephine (D:10)
  2 hydras
  2 boulder beetles
  A two-headed ogre (D:8)
  5 death yaks (Lair:4)
  3 skysharks
  2 oklob plants (Lair:5)
  A cyclops (D:11)
  6 elephants (Lair:1)
  2 black mambas
  A merfolk siren (Lair:3)
  11 cane toads
  A kobold demonologist (D:11)
  10 komodo dragons
  A troll (D:9)
  A polar bear (Lair:3)
  8 blink frogs (Lair:3)
  Prince Ribbit (D:5)
  3 culicivoras (Lair:2)
  2 shadows (D:11)
  6 wraiths
  A wyvern (D:9)
  11 yaks
  2 basilisks (Lair:2)
  A steam dragon (D:8)
  Duvessa (D:6)
  18 water moccasins
  2 ice beasts
  A sky beast (D:8)
  An ogre (D:5)
  2 orc warriors
  3 wolves (Lair:4)
  3 centaurs
  A phantom (D:5)
  3 kobold brigands
  3 gnoll sergeants
  Blork the orc (D:5)
  16 bullfrogs
  4 scorpions
  9 wights
  Dowan (D:6)
  23 killer bees
  2 howler monkeys (D:11)
  An electric eel (D:7)
  6 orc priests
  A jelly (D:5)
  7 hounds
  5 iguanas
  Natasha (thrice) (D:4)
  10 orc wizards
  15 gnolls
  4 adders
  12 white imps (Lair:3)
  2 ufetubi
  2 worms
  A dart slug (D:3)
  27 orcs
  8 ball pythons
  3 endoplasms
  5 giant cockroaches
  11 goblins
  6 hobgoblins
  7 jackals
  18 kobolds
  2 quokkas (D:1)
  7 bats
  4 frilled lizards
  8 rats
  A butterfly (D:3)
356 creatures vanquished.

Vanquished Creatures (others)
  2 orcs (D:10)
2 creatures vanquished.

Grand Total: 358 creatures vanquished

Notes
Turn   | Place    | Note
-------+----------+-------------------------------------------
     0 | D:1      | qw the Gargoyle Hunter began the quest for the Orb.
     0 | D:1      | Reached XP level 1. HP: 12/12 MP: 1/1
     0 | D:1      | 0 ||| qw: Version: 0.3-a-83-gcd0e7d8
     0 | D:1      | 0 ||| qw: Game counter: 1585
     0 | D:1      | 0 ||| qw: Melee chars always use a shield: true
     0 | D:1      | 0 ||| qw: God list: Okawaru
     0 | D:1      | 0 ||| qw: Allow faded altars: false
     0 | D:1      | 0 ||| qw: Do Orc after clearing Dungeon:15 true
     0 | D:1      | 0 ||| qw: Do second Lair branch before Depths: true
     0 | D:1      | 0 ||| qw: Lair rune preference: random
     0 | D:1      | 0 ||| qw: Goals: Normal
     0 | D:1      | 0 ||| PLANNING D:1-11
    34 | D:1      | Reached XP level 2. HP: 17/17 MP: 2/2
   550 | D:1      | Reached XP level 3. HP: 21/21 MP: 3/3
   574 | D:1      | Reached skill level 5 in Ranged Weapons
   652 | D:1      | 652 ||| READING scroll labelled QIBRYTEJ XOCA.
   655 | D:1      | 655 ||| READING scroll labelled QAGA QESIODEG.
   656 | D:1      | 656 ||| READING scroll labelled ZOIWENGOE ZION.
   657 | D:1      | 657 ||| DROPPING scroll of butterflies.
   833 | D:2      | Reached skill level 3 in Fighting
   833 | D:2      | Reached XP level 4. HP: 28/28 MP: 4/4
   835 | D:2      | 835 ||| FLEEEEING.
   836 | D:2      | 836 ||| FLEEEEING.
   837 | D:2      | 837 ||| FLEEEEING.
   838 | D:2      | 838 ||| FLEEEEING.
   839 | D:2      | 839 ||| FLEEEEING.
   840 | D:2      | 840 ||| FLEEEEING.
   841 | D:2      | 841 ||| FLEEEEING.
   843 | D:2      | 843 ||| FLEEEEING.
   844 | D:2      | 844 ||| FLEEEEING.
   845 | D:2      | 845 ||| FLEEEEING.
   846 | D:2      | 846 ||| FLEEEEING.
   847 | D:2      | 847 ||| FLEEEEING.
   848 | D:2      | 848 ||| FLEEEEING.
   851 | D:2      | 851 ||| FLEEEEING.
   852 | D:2      | 852 ||| FLEEEEING.
   853 | D:2      | 853 ||| FLEEEEING.
   854 | D:2      | 854 ||| FLEEEEING.
   855 | D:2      | 855 ||| FLEEEEING.
   856 | D:2      | 856 ||| STAIRDANCE
   886 | D:1      | 886 ||| READING scroll labelled KIRANUZXYLENO.
   889 | D:2      | 889 ||| STAIRDANCE
   897 | D:2      | 897 ||| STAIRDANCE
   920 | D:2      | 920 ||| STAIRDANCE
  1115 | D:2      | 1115 ||| SWAPPING to +0 orcbow.
  1118 | D:2      | 1118 ||| DROPPING +0 shortbow of draining.
  1295 | D:2      | 1295 ||| READING scroll of brand weapon.
  1295 | D:2      | 1295 ||| BRANDING +0 orcbow.
  1479 | D:2      | Reached XP level 5. HP: 32/32 MP: 5/5
  1511 | D:2      | Found Zesch's Antique Armour Shoppe.
  1514 | D:2      | 1514 ||| SHOPLISTING pair of gloves (135 gold, have 81).
  1611 | D:2      | 1611 ||| READING 3 scrolls labelled ESEULLI VIEQAE.
  1612 | D:2      | 1612 ||| READING scroll labelled OXOMMO KABUFO.
  1613 | D:2      | 1613 ||| DRINKING 2 fuming inky potions.
  1614 | D:2      | 1614 ||| DRINKING 2 lumpy black potions.
  1614 | D:2      | Gained mutation: You are dopey. (Int -2) [potion of
                  | mutation]
  1614 | D:2      | Gained mutation: Your spells are a little harder to cast,
                  | but a little more powerful. [potion of mutation]
  1615 | D:2      | 1615 ||| DRINKING 2 bubbling puce potions.
  1616 | D:2      | 1616 ||| DROPPING 2 scrolls of poison.
  1676 | D:3      | Found a hide-covered altar of Uskayaw.
  1766 | D:3      | Reached skill level 6 in Ranged Weapons
  1944 | D:3      | Found a shimmering altar of Xom.
  1948 | D:3      | 1948 ||| FLEEEEING.
  1949 | D:3      | 1949 ||| FLEEEEING.
  1950 | D:3      | 1950 ||| FLEEEEING.
  1951 | D:3      | 1951 ||| FLEEEEING.
  1952 | D:3      | HP: 7/32 [orc priest/divine providence (16)]
  1953 | D:3      | 1953 ||| STAIRDANCE
  2049 | D:2      | 2049 ||| UPGRADING to amulet of the acrobat.
  2084 | D:3      | Identified the +4 ring mail of the Ward {Str+2}
  2185 | D:3      | 2185 ||| UPGRADING to +4 ring mail of the Ward {Str+2}.
  2198 | D:3      | 2198 ||| DROPPING +0 leather armour.
  2386 | D:3      | 2386 ||| READING scroll labelled JILIAHOFAE.
  2387 | D:3      | 2387 ||| READING scroll labelled OTUHUO NEFFAI.
  2408 | D:3      | 2408 ||| READING scroll labelled GEANWI IWOZIDGH.
  2409 | D:3      | 2409 ||| DRINKING 2 dark potions.
  2410 | D:3      | 2410 ||| DRINKING 2 yellow potions.
  2411 | D:3      | 2411 ||| DROPPING potion of invisibility.
  2412 | D:3      | 2412 ||| DROPPING potion of brilliance.
  2436 | D:4      | Reached skill level 1 in Armour
  2436 | D:4      | Reached XP level 6. HP: 38/38 MP: 6/6
  2469 | D:4      | 2469 ||| Stepping ~*~*~tactically~*~*~ (retreating).
  2470 | D:4      | 2470 ||| Stepping ~*~*~tactically~*~*~ (retreating).
  2471 | D:4      | 2471 ||| Stepping ~*~*~tactically~*~*~ (retreating).
  2472 | D:4      | 2472 ||| Stepping ~*~*~tactically~*~*~ (retreating).
  2473 | D:4      | 2473 ||| Stepping ~*~*~tactically~*~*~ (retreating).
  2474 | D:4      | 2474 ||| Stepping ~*~*~tactically~*~*~ (retreating).
  2475 | D:4      | 2475 ||| Stepping ~*~*~tactically~*~*~ (retreating).
  2591 | D:4      | Noticed Natasha
  2593 | D:4      | Killed Natasha
  2619 | D:4      | 2619 ||| READING scroll of enchant weapon.
  2619 | D:4      | 2619 ||| ENCHANTING +1 orcbow of flaming.
  2742 | D:4      | 2742 ||| READING scroll of brand weapon.
  2742 | D:4      | 2742 ||| BRANDING +2 orcbow of flaming.
  2817 | D:4      | Noticed Natasha
  2821 | D:4      | Killed Natasha
  2822 | D:4      | Reached skill level 7 in Ranged Weapons
  2831 | D:4      | Noticed Natasha
  2835 | D:4      | Killed Natasha
  2876 | D:4      | Found a sparkling altar of Nemelex Xobeh.
  2888 | D:4      | 2888 ||| UPGRADING to +5 ring of evasion.
  2889 | D:4      | 2889 ||| DRINKING 2 blue potions.
  2919 | D:5      | Entered Level 5 of the Dungeon
  2921 | D:5      | Reached XP level 7. HP: 43/43 MP: 7/7
  2948 | D:5      | Found a runed translucent door.
  2953 | D:5      | Noticed qw's ghost (amateur GrHu)
  3145 | D:5      | Reached skill level 8 in Ranged Weapons
  3231 | D:5      | 3231 ||| Stepping ~*~*~tactically~*~*~ (retreating).
  3233 | D:5      | Noticed Prince Ribbit
  3234 | D:5      | 3234 ||| Stepping ~*~*~tactically~*~*~ (retreating).
  3235 | D:5      | 3235 ||| Stepping ~*~*~tactically~*~*~ (retreating).
  3236 | D:5      | 3236 ||| Stepping ~*~*~tactically~*~*~ (retreating).
  3237 | D:5      | 3237 ||| Stepping ~*~*~tactically~*~*~ (retreating).
  3238 | D:5      | 3238 ||| Stepping ~*~*~tactically~*~*~ (retreating).
  3243 | D:5      | HP: 11/44 [centaur (3)]
  3244 | D:5      | 3244 ||| READING 2 scrolls of teleportation.
  3245 | D:5      | 3245 ||| DRINKING 2 potions of heal wounds.
  3306 | D:5      | Found a shadowy altar of Dithmenos.
  3433 | D:5      | Reached XP level 8. HP: 46/49 MP: 8/8
  3580 | D:5      | Killed Prince Ribbit
  3581 | D:5      | Reached skill level 9 in Ranged Weapons
  3636 | D:5      | Noticed Blork the orc
  3637 | D:5      | 3637 ||| FLEEEEING.
  3647 | D:5      | Killed Blork the orc
  3648 | D:5      | Reached skill level 6 in Fighting
  3746 | D:5      | Reached skill level 3 in Armour
  3774 | D:5      | Found a runed translucent door.
  3925 | D:5      | 3925 ||| UPGRADING to amulet of reflection.
  3935 | D:5      | 3935 ||| DROPPING amulet of the acrobat.
  3936 | D:5      | 3936 ||| READING 2 scrolls labelled EPENOR ODILUSS.
  3937 | D:5      | 3937 ||| READING scroll labelled QIMUSU LERO.
  4071 | D:6      | Found a radiant altar of Vehumet.
  4142 | D:6      | 4142 ||| RETREEAATING.
  4146 | D:6      | Reached skill level 10 in Ranged Weapons
  4146 | D:6      | Reached XP level 9. HP: 55/55 MP: 9/9
  4164 | D:6      | 4164 ||| FLEEEEING.
  4476 | D:6      | Found a stormy altar of Qazlal.
  4633 | D:6      | Noticed Duvessa
  4633 | D:6      | Noticed Dowan
  4639 | D:6      | Killed Duvessa
  4640 | D:6      | Reached skill level 3 in Dodging
  4640 | D:6      | Killed Dowan
  4663 | D:6      | 4663 ||| READING scroll labelled IWOACE YMIUSOC.
  4664 | D:6      | 4664 ||| READING 2 scrolls of identify.
  4664 | D:6      | 4664 ||| IDENTIFYING viscous purple potion
  4699 | D:7      | Found a staircase to the Ecumenical Temple.
  4700 | D:7      | 4700 ||| PLANNING TEMPLE
  4700 | D:7      | 4700 ||| READING scroll labelled LAIDGH JIVARUCK.
  4759 | Temple   | Entered the Ecumenical Temple
  4760 | Temple   | 4760 ||| PLANNING OKAWARU WORSHIP
  4781 | Temple   | Became a worshipper of Warmaster Okawaru
  4782 | Temple   | 4782 ||| PLANNING D:1-11
  4943 | D:7      | Reached skill level 11 in Ranged Weapons
  5081 | D:7      | Found a broken altar of Ashenzari.
  5084 | D:7      | Found a blossoming altar of Fedhas.
  5175 | D:7      | Noticed Joseph
  5177 | D:7      | 5177 ||| FLEEEEING.
  5178 | D:7      | 5178 ||| FLEEEEING.
  5179 | D:7      | 5179 ||| FLEEEEING.
  5181 | D:7      | 5181 ||| FLEEEEING.
  5183 | D:7      | 5183 ||| FLEEEEING.
  5184 | D:7      | 5184 ||| FLEEEEING.
  5185 | D:7      | 5185 ||| FLEEEEING.
  5186 | D:7      | 5186 ||| FLEEEEING.
  5187 | D:7      | 5187 ||| FLEEEEING.
  5188 | D:7      | 5188 ||| FLEEEEING.
  5189 | D:7      | 5189 ||| FLEEEEING.
  5190 | D:7      | 5190 ||| FLEEEEING.
  5191 | D:7      | 5191 ||| FLEEEEING.
  5192 | D:7      | 5192 ||| FLEEEEING.
  5193 | D:7      | 5193 ||| FLEEEEING.
  5194 | D:7      | 5194 ||| FLEEEEING.
  5195 | D:7      | 5195 ||| FLEEEEING.
  5196 | D:7      | 5196 ||| FLEEEEING.
  5197 | D:7      | 5197 ||| FLEEEEING.
  5198 | D:7      | 5198 ||| FLEEEEING.
  5199 | D:7      | 5199 ||| FLEEEEING.
  5201 | D:7      | 5201 ||| STAIRDANCE
  5234 | D:6      | 5234 ||| DRINKING 2 murky coppery potions.
  5476 | D:8      | Reached * piety under Okawaru
  5479 | D:8      | Noticed a two-headed ogre
  5480 | D:8      | 5480 ||| RETREEAATING.
  5481 | D:8      | 5481 ||| Stepping ~*~*~tactically~*~*~ (retreating).
  5482 | D:8      | 5482 ||| Stepping ~*~*~tactically~*~*~ (retreating).
  5483 | D:8      | 5483 ||| Stepping ~*~*~tactically~*~*~ (retreating).
  5484 | D:8      | 5484 ||| Stepping ~*~*~tactically~*~*~ (retreating).
  5485 | D:8      | 5485 ||| Stepping ~*~*~tactically~*~*~ (retreating).
  5486 | D:8      | 5486 ||| INVOKING Heroism.
  5490 | D:8      | Killed a two-headed ogre
  5491 | D:8      | Reached skill level 12 in Ranged Weapons
  5491 | D:8      | Reached XP level 10. HP: 63/64 MP: 7/10
  5495 | D:8      | Reached skill level 1 in Invocations
  5611 | D:8      | Noticed Gastronok
  5612 | D:8      | 5612 ||| INVOKING Heroism.
  5620 | D:8      | Killed Gastronok
  5620 | D:8      | Reached ** piety under Okawaru
  5620 | D:8      | Reached *** piety under Okawaru
  5621 | D:8      | Reached skill level 3 in Invocations
  5899 | D:8      | 5899 ||| INVOKING Heroism.
  6057 | D:8      | 6057 ||| INVOKING Heroism.
  6214 | D:8      | 6214 ||| RETREEAATING.
  6215 | D:8      | 6215 ||| STILL RETREEAATING.
  6218 | D:8      | 6218 ||| RETREEAATING.
  6228 | D:8      | Reached skill level 13 in Ranged Weapons
  6236 | D:8      | 6236 ||| INVOKING Heroism.
  6679 | D:8      | 6679 ||| UPGRADING to +2 hat of stealth.
  6684 | D:8      | 6684 ||| UPGRADING to ring of positive energy.
  6719 | D:9      | 6719 ||| STAIRDANCE
  6790 | D:9      | 6790 ||| FLEEEEING.
  6878 | D:9      | Reached skill level 9 in Fighting
  6953 | D:9      | 6953 ||| INVOKING Heroism.
  7004 | D:9      | Found Pozoango's Distillery.
  7015 | D:9      | 7015 ||| BUYING 2 potions of might (104 gold).
  7015 | D:9      | Bought 2 potions of might for 104 gold pieces
  7015 | D:9      | 7015 ||| BUYING potion of curing (39 gold).
  7015 | D:9      | Bought a potion of curing for 39 gold pieces
  7015 | D:9      | 7015 ||| BUYING potion of enlightenment (65 gold).
  7015 | D:9      | Bought a potion of enlightenment for 65 gold pieces
  7015 | D:9      | 7015 ||| BUYING potion of heal wounds (65 gold).
  7015 | D:9      | Bought a potion of heal wounds for 65 gold pieces
  7015 | D:9      | 7015 ||| BUYING potion of heal wounds (65 gold).
  7015 | D:9      | Bought a potion of heal wounds for 65 gold pieces
  7015 | D:9      | 7015 ||| BUYING potion of might (52 gold).
  7015 | D:9      | Bought a potion of might for 52 gold pieces
  7015 | D:9      | 7015 ||| SHOPLISTING potion of mutation (104 gold, have
                  | 45).
  7195 | D:9      | 7195 ||| Stepping ~*~*~tactically~*~*~ (retreating).
  7196 | D:9      | 7196 ||| Stepping ~*~*~tactically~*~*~ (retreating).
  7198 | D:9      | 7198 ||| Stepping ~*~*~tactically~*~*~ (retreating).
  7199 | D:9      | 7199 ||| Stepping ~*~*~tactically~*~*~ (retreating).
  7201 | D:9      | 7201 ||| Stepping ~*~*~tactically~*~*~ (retreating).
  7204 | D:9      | 7204 ||| Stepping ~*~*~tactically~*~*~ (retreating).
  7206 | D:9      | 7206 ||| INVOKING Heroism.
  7220 | D:9      | Reached XP level 11. HP: 33/71 MP: 14/14
  7356 | D:9      | Found a glowing golden altar of the Shining One.
  7377 | D:9      | You fall into a shaft and drop 2 floors!
  7394 | D:11     | 7394 ||| INVOKING Heroism.
  7467 | D:11     | Noticed a cyclops
  7468 | D:11     | 7468 ||| INVOKING Heroism.
  7470 | D:11     | Killed a cyclops
  7512 | D:11     | 7512 ||| INVOKING Heroism.
  7587 | D:11     | Found a shimmering blue altar of Sif Muna.
  7588 | D:11     | Noticed a boulder beetle
  7589 | D:11     | 7589 ||| INVOKING Heroism.
  7604 | D:11     | 7604 ||| RETREEAATING.
  7605 | D:11     | 7605 ||| STILL RETREEAATING.
  7606 | D:11     | 7606 ||| Stepping ~*~*~tactically~*~*~ (retreating).
  7607 | D:11     | 7607 ||| Stepping ~*~*~tactically~*~*~ (retreating).
  7608 | D:11     | 7608 ||| Stepping ~*~*~tactically~*~*~ (retreating).
  7610 | D:11     | 7610 ||| INVOKING Heroism.
  7613 | D:11     | Killed a boulder beetle
  7614 | D:11     | Reached skill level 14 in Ranged Weapons
  7622 | D:11     | Noticed a sun demon
  7697 | D:11     | Found Udghahom's Weapon Shoppe.
  7698 | D:11     | 7698 ||| READING 2 scrolls of identify.
  7698 | D:11     | 7698 ||| IDENTIFYING murky dark potion
  7699 | D:11     | 7699 ||| DROPPING potion of lignification.
  7708 | D:10     | Entered Level 10 of the Dungeon
  7708 | D:10     | Noticed Josephine
  7709 | D:10     | 7709 ||| INVOKING Heroism.
  7724 | D:10     | Killed Josephine
  7724 | D:10     | Reached **** piety under Okawaru
  7732 | D:10     | 7732 ||| INVOKING Heroism.
  7900 | D:10     | Found a staircase to the Lair.
  8176 | D:9      | 8176 ||| INVOKING Heroism.
  8360 | D:9      | 8360 ||| PLANNING LAIR
  8474 | Lair:1   | Entered Level 1 of the Lair of Beasts
  8475 | Lair:1   | 8475 ||| INVOKING Heroism.
  8476 | Lair:1   | 8476 ||| STAIRDANCE
  8500 | Lair:1   | You fall into a shaft and drop 1 floor!
  8544 | Lair:2   | 8544 ||| INVOKING Heroism.
  8574 | Lair:2   | 8574 ||| INVOKING Heroism.
  8618 | Lair:2   | 8618 ||| RETREEAATING.
  8619 | Lair:2   | 8619 ||| Stepping ~*~*~tactically~*~*~ (retreating).
  8620 | Lair:2   | 8620 ||| Stepping ~*~*~tactically~*~*~ (retreating).
  8621 | Lair:2   | 8621 ||| Stepping ~*~*~tactically~*~*~ (retreating).
  8622 | Lair:2   | 8622 ||| Stepping ~*~*~tactically~*~*~ (retreating).
  8624 | Lair:2   | 8624 ||| Stepping ~*~*~tactically~*~*~ (retreating).
  8629 | Lair:2   | Reached skill level 15 in Ranged Weapons
  8677 | Lair:2   | 8677 ||| INVOKING Heroism.
  8776 | Lair:1   | 8776 ||| INVOKING Heroism.
  8831 | Lair:1   | Noticed a boulder beetle
  8832 | Lair:1   | 8832 ||| INVOKING Heroism.
  8836 | Lair:1   | Killed a boulder beetle
  8837 | Lair:1   | Reached XP level 12. HP: 77/77 MP: 12/15
  8881 | Lair:1   | 8881 ||| RETREEAATING.
  8882 | Lair:1   | 8882 ||| STILL RETREEAATING.
  8898 | Lair:1   | Reached skill level 6 in Invocations
  9035 | Lair:1   | 9035 ||| INVOKING Heroism.
  9062 | Lair:1   | 9062 ||| INVOKING Heroism.
  9100 | Lair:1   | Found a radiant altar of Vehumet.
  9120 | Lair:1   | 9120 ||| FLEEEEING.
  9121 | Lair:1   | 9121 ||| FLEEEEING.
  9122 | Lair:1   | 9122 ||| FLEEEEING.
  9123 | Lair:1   | 9123 ||| FLEEEEING.
  9124 | Lair:1   | 9124 ||| FLEEEEING.
  9125 | Lair:1   | 9125 ||| FLEEEEING.
  9131 | Lair:1   | 9131 ||| INVOKING Heroism.
  9190 | Lair:1   | Reached skill level 16 in Ranged Weapons
  9525 | Lair:1   | 9525 ||| DROPPING ring of flight.
  9526 | Lair:1   | 9526 ||| DRINKING 2 silvery potions.
  9527 | Lair:1   | 9527 ||| DROPPING potion of degeneration.
  9626 | Lair:2   | 9626 ||| Stepping ~*~*~tactically~*~*~ (retreating).
  9633 | Lair:2   | 9633 ||| INVOKING Heroism.
  9643 | Lair:2   | HP: 17/77 [culicivora (11)]
  9644 | Lair:2   | 9644 ||| READING 3 scrolls of teleportation.
  9645 | Lair:2   | 9645 ||| DRINKING 4 potions of heal wounds.
  9770 | Lair:2   | Noticed a skyshark
  9780 | Lair:2   | Killed a skyshark
  9835 | Lair:2   | Reached ***** piety under Okawaru
  9858 | Lair:2   | Noticed a five-headed hydra
  9859 | Lair:2   | 9859 ||| INVOKING Heroism.
  9865 | Lair:2   | Killed a five-headed hydra
  9876 | Lair:2   | 9876 ||| RETREEAATING.
  9877 | Lair:2   | 9877 ||| Stepping ~*~*~tactically~*~*~ (retreating).
  9878 | Lair:2   | 9878 ||| Stepping ~*~*~tactically~*~*~ (retreating).
  9880 | Lair:2   | 9880 ||| Stepping ~*~*~tactically~*~*~ (retreating).
  9881 | Lair:2   | 9881 ||| Stepping ~*~*~tactically~*~*~ (retreating).
  9882 | Lair:2   | 9882 ||| Stepping ~*~*~tactically~*~*~ (retreating).
  9883 | Lair:2   | 9883 ||| Stepping ~*~*~tactically~*~*~ (retreating).
  9884 | Lair:2   | 9884 ||| Stepping ~*~*~tactically~*~*~ (retreating).
  9957 | Lair:2   | Found a hole to the Spider Nest.
  9977 | Lair:2   | Found the amulet of Elemental Vulnerability {rPois rF--
                  | rC-- AC+8}
 10269 | Lair:2   | 10269 ||| READING 2 scrolls labelled JOIRU WIGEKAUFF.
 10270 | Lair:2   | 10270 ||| DROPPING scroll of amnesia.
 10299 | Lair:3   | 10299 ||| INVOKING Heroism.
 10300 | Lair:3   | 10300 ||| STAIRDANCE
 10317 | Lair:3   | 10317 ||| INVOKING Heroism.
 10389 | Lair:3   | Found a frozen archway.
 10405 | Lair:3   | 10405 ||| FLEEEEING.
 10406 | Lair:3   | 10406 ||| FLEEEEING.
 10471 | Lair:3   | 10471 ||| Stepping ~*~*~tactically~*~*~ (retreating).
 10479 | Lair:3   | 10479 ||| INVOKING Heroism.
 10480 | Lair:3   | 10480 ||| Stepping ~*~*~tactically~*~*~ (retreating).
 10481 | Lair:3   | 10481 ||| Stepping ~*~*~tactically~*~*~ (retreating).
 10482 | Lair:3   | 10482 ||| Stepping ~*~*~tactically~*~*~ (retreating).
 10483 | Lair:3   | 10483 ||| Stepping ~*~*~tactically~*~*~ (retreating).
 10484 | Lair:3   | 10484 ||| Stepping ~*~*~tactically~*~*~ (retreating).
 10485 | Lair:3   | 10485 ||| Stepping ~*~*~tactically~*~*~ (retreating).
 10486 | Lair:3   | 10486 ||| Stepping ~*~*~tactically~*~*~ (retreating).
 10487 | Lair:3   | 10487 ||| Stepping ~*~*~tactically~*~*~ (retreating).
 10491 | Lair:3   | Reached skill level 9 in Invocations
 10497 | Lair:3   | 10497 ||| Stepping ~*~*~tactically~*~*~ (retreating).
 10498 | Lair:3   | 10498 ||| Stepping ~*~*~tactically~*~*~ (retreating).
 10499 | Lair:3   | 10499 ||| Stepping ~*~*~tactically~*~*~ (retreating).
 10500 | Lair:3   | 10500 ||| Stepping ~*~*~tactically~*~*~ (retreating).
 10501 | Lair:3   | 10501 ||| Stepping ~*~*~tactically~*~*~ (retreating).
 10502 | Lair:3   | 10502 ||| Stepping ~*~*~tactically~*~*~ (retreating).
 10508 | Lair:3   | 10508 ||| INVOKING Heroism.
 10677 | Lair:3   | 10677 ||| INVOKING Heroism.
 10683 | Lair:3   | Reached XP level 13. HP: 84/84 MP: 18/20
 10852 | Lair:3   | Found a staircase to the Shoals.
 10853 | Lair:3   | 10853 ||| Stepping ~*~*~tactically~*~*~ (water).
 11125 | Lair:3   | 11125 ||| UPGRADING to amulet of faith.
 11135 | Lair:3   | 11135 ||| READING 3 scrolls of identify.
 11135 | Lair:3   | 11135 ||| IDENTIFYING smoky red potion
 11136 | Lair:3   | 11136 ||| READING 2 scrolls of identify.
 11136 | Lair:3   | 11136 ||| IDENTIFYING bubbling dark potion
 11137 | Lair:3   | 11137 ||| DROPPING potion of ambrosia.
 11159 | Lair:4   | Found a broken altar of Ashenzari.
 11190 | Lair:4   | 11190 ||| INVOKING Heroism.
 11191 | Lair:4   | 11191 ||| RETREEAATING.
 11384 | Lair:4   | 11384 ||| INVOKING Heroism.
 11404 | Lair:4   | 11404 ||| Stepping ~*~*~tactically~*~*~ (retreating).
 11504 | Lair:4   | Reached skill level 12 in Fighting
 11566 | Lair:4   | 11566 ||| INVOKING Heroism.
 11568 | Lair:4   | Received a gift from Okawaru
 11691 | Lair:4   | 11691 ||| READING scroll of enchant weapon.
 11691 | Lair:4   | 11691 ||| ENCHANTING +2 heavy orcbow.
 11765 | Lair:4   | 11765 ||| INVOKING Heroism.
 11766 | Lair:4   | 11766 ||| INVOKING Finesse.
 11769 | Lair:4   | 11769 ||| RETREEAATING.
 11770 | Lair:4   | 11770 ||| STILL RETREEAATING.
 11785 | Lair:4   | Reached skill level 6 in Dodging
 11789 | Lair:4   | 11789 ||| Stepping ~*~*~tactically~*~*~ (retreating).
 11790 | Lair:4   | 11790 ||| Stepping ~*~*~tactically~*~*~ (retreating).
 11791 | Lair:4   | 11791 ||| Stepping ~*~*~tactically~*~*~ (retreating).
 11792 | Lair:4   | 11792 ||| Stepping ~*~*~tactically~*~*~ (retreating).
 12193 | Lair:5   | Entered Level 5 of the Lair of Beasts
 12194 | Lair:5   | 12194 ||| INVOKING Heroism.
 12195 | Lair:5   | 12195 ||| STAIRDANCE
 12214 | Lair:5   | 12214 ||| INVOKING Heroism.
 12217 | Lair:5   | 12217 ||| STAIRDANCE
 12511 | Lair:5   | 12511 ||| FLEEEEING.
 12600 | Lair:5   | 12600 ||| INVOKING Heroism.
 12601 | Lair:5   | 12601 ||| INVOKING Finesse.
 12649 | Lair:5   | Found a viscous altar of Jiyva.
 12649 | Lair:5   | Found a staircase to the Slime Pits.
 12650 | Lair:5   | 12650 ||| INVOKING Heroism.
 12655 | Lair:5   | 12655 ||| READING scroll labelled OSOCWA HIP FIC.
 12655 | Lair:5   | HP: 15/88 [oklob plant/splash of acid (15)]
 12655 | Lair:5   | Killed from afar by an oklob plant

Levels and vault maps discovered:
D:1:      wander_arrival_lonely_grave, layout_basic
D:2:      layout_loops_corners, serial_shops, nicolae_shop_tiny_real_fake_doors,
          hangedman_decor_growths
D:3:      layout_basic, xom_butterflies, nicolae_uskayaw_dance_hall,
          dk_noncrumbling_2, minmay_fractal_squares_5
D:4:      layout_rooms, nemelex_spade_bored_becter, cheibrodos_gnoll_hut,
          uniq_natasha
D:5:      minmay_spotlight, layout_gridville,
          mainiacjoe_overflow_six_doors_small, ebering_ghost_sewer_f,
          minmay_between, uniq_prince_ribbit1, uniq_blork_the_orc
D:6:      layout_gridville, kennysheep_mini_moat, mainiacjoe_overflow_catwalk,
          uniq_duvessa
D:7:      layout_cave_pools, nicolae_overflow_squiral, minmay_temple_entry_hall,
          kennysheep_generic_room_3, uniq_joseph
D:8:      layout_basic, uniq_gastronok
D:9:      layout_loops_cross, tso_metal_star, serial_shops,
          nicolae_shop_peninsula, abandoned_shop, minivault_27
D:10:     layout_gridville, lair_entry_dummy, uniq_josephine, uniq_maurice
D:11:     kennysheep_blocky_hall, layout_basic, serial_shops,
          nicolae_stop_n_shop_2, nicolae_sif_muna_condensation
Temple:   nicolae_temple_figure_eight
Lair:1:   layout_regular_city, basic_altar, beast_lair_carwin_3
Lair:2:   layout_chaotic_city, hellmonk_spider_entry_life_and_decay
Lair:3:   layout_concentric_octagons, elwin_shoals_entry_rooms,
          portal_ice_cave_entry_imps, grunt_megastairs_3
Lair:4:   layout_small_grid, basic_altar, serial_bayou_shore_b,
          grunt_megastairs_2
Lair:5:   minmay_lair_end_enchanted_forest, layout_misc_corridors,
          minmay_slime_entry_oklob_open, lemuel_fruit_fields,
          infiniplex_staircase_pool_2

Skill      XL: |  1  2  3  4  5  6  7  8  9 10 11 12 13 |
---------------+----------------------------------------+-----
Ranged Weapons | 5 6 7 8 10 12 13 15 16 | 16.0
Fighting       | 3 4 5 6 8 9 10 11 13 | 13.0
Armour         | 1 3 4 |  4.4
Dodging        | 2 3 4 6 |  6.0
Invocations    | 4 5 9 10 | 10.1
Stealth        | |  1.1

Action                     |  1- 3 |  4- 6 |  7- 9 | 10-12 | 13-15 || total
---------------------------+-------+-------+-------+-------+-------++-------
   Fire: Shortbow          |    60 |    32 |       |       |       ||    92
         Orcbow            |       |   177 |   212 |   530 |   168 ||  1087
 Invoke: Heroism           |       |       |     1 |    30 |     8 ||    39
         Finesse           |       |       |       |       |     2 ||     2
    Use: Scroll            |     3 |     9 |     6 |     3 |     4 ||    25
         Potion            |       |     6 |     2 |     2 |       ||    10
 Armour: Leather armour    |    10 |    38 |       |       |       ||    48
         Skin              |       |     2 |       |       |       ||     2
         Ring mail         |       |    29 |    94 |   231 |    56 ||   410
  Dodge: Dodged            |    14 |    72 |   167 |   403 |   116 ||   772
  Block: Other             |       |       |    13 |   111 |       ||   124
         Reflection        |       |       |     2 |     4 |       ||     6

Table legend:
 A = Non-vault XP
 B = Vault XP
 C = Vault XP percentage of total XP
 D = Non-vault monster count
 E = Vault monster count
 F = Vault count percentage of total count
                 A         B        C        D         E       F
            +---------+---------+-------+---------+---------+-------
      Total |   35827 |   10688 |  23.0 |     295 |      60 |  16.9
            +---------+---------+-------+---------+---------+-------
        D:1 |      44 |       0 |   0.0 |      24 |       0 |   0.0
        D:2 |     123 |       0 |   0.0 |      20 |       0 |   0.0
        D:3 |     128 |      12 |   8.6 |      32 |       6 |  15.8
        D:4 |     143 |     133 |  48.2 |      17 |       4 |  19.0
        D:5 |     830 |     684 |  45.2 |      17 |       8 |  32.0
        D:6 |     739 |     225 |  23.3 |      12 |       2 |  14.3
        D:7 |    1004 |      35 |   3.4 |      23 |       1 |   4.2
        D:8 |    2270 |    1476 |  39.4 |      28 |       1 |   3.4
        D:9 |    2093 |       0 |   0.0 |      28 |       0 |   0.0
       D:10 |     353 |    1720 |  83.0 |       3 |       5 |  62.5
       D:11 |    1769 |    1114 |  38.6 |       9 |       4 |  30.8
     Lair:1 |    5824 |    1212 |  17.2 |      16 |       5 |  23.8
     Lair:2 |    5524 |     833 |  13.1 |      21 |       4 |  16.0
     Lair:3 |    3286 |    1343 |  29.0 |      15 |      16 |  51.6
     Lair:4 |    9789 |     764 |   7.2 |      26 |       2 |   7.1
     Lair:5 |    1908 |    1137 |  37.3 |       4 |       2 |  33.3
            +---------+---------+-------+---------+---------+-------
